Map: Base du roi Sejong EC

Players

Alaris

  • Race: Protoss Protoss
  • League: Gold
  • Spawn Location: 11:00

zidar - Winner!

  • Race: Zerg Zerg
  • League: Gold
  • Spawn Location: 5:00

VOD

Have the link to the VOD?

Description

Time

  • Played on: June 19, 2016, 10:48 a.m.
  • Length: 17:41
Show
View Real Time Build Order
Export as new Build Order

Alaris Protoss 

Build Orders:  

Get SALT Encoding   

  12  0:01  Probe (Chrono Boost)  
  13  0:12  Probe (Chrono Boost)  
  14  0:18  Pylon  
  14  0:23  Probe (Chrono Boost)  
  15  0:37  Probe (Chrono Boost)  
  15  0:38  Gateway  
  16  0:47  Probe (Chrono Boost), Assimilator  
  17  1:02  Pylon  
  18  1:04  Probe (Chrono Boost)  
  18  1:19  Assimilator  
  18  1:24  Probe (Chrono Boost)  
  19  1:40  Cybernetics Core, Zealot  
  21  1:50  Pylon  
  21  2:03  Probe (Chrono Boost)  
  22  2:14  Probe (Chrono Boost)  
  23  2:21  Robotics Facility  
  23  2:24  Probe (Chrono Boost)  
  23  2:25  Warp Gate  
  24  2:44  Nexus  
  24  2:47  Mothership Core (Chrono Boost)  
  26  2:53  Pylon  
  26  3:05  Probe (Chrono Boost)  
  27  3:10  Observer (Chrono Boost)  
  28  3:16  Adept  
  30  3:28  Pylon  
  30  3:29  Probe  
  32  3:41  Probe  
  32  3:46  Adept  
  33  4:02  Pylon  
  33  4:11  Immortal (Chrono Boost)  
  33  4:14  Probe x2  
  39  4:25  Probe  
  39  4:26  Probe  
  39  4:28  Gateway  
  41  4:35  Probe  
  41  4:38  Probe  
  43  4:40  Adept  
  42  4:50  Probe  
  41  4:55  Probe  
  32  5:02  Probe  
  32  5:04  Adept  
  32  5:06  Probe  
  33  5:14  Probe  
  33  5:16  Probe  
  34  5:26  Probe  
  34  5:27  Probe  
  36  5:38  Adept, Probe  
  39  5:50  Probe  
  40  6:01  Probe  
  40  6:02  Assimilator  
  40  6:03  Probe  
  42  6:12  Probe  
  42  6:15  Probe  
  44  6:21  Adept  
  44  6:22  Adept  
  48  6:27  Probe  
  47  6:43  Stalker x2  
  45  6:52  Immortal (Chrono Boost)  
  49  6:59  Pylon  
  49  7:04  Pylon  
  49  7:07  Stalker x2  
  53  7:09  Probe  
  53  7:15  Probe  
  54  7:19  Pylon  
  54  7:22  Probe  
  56  7:25  Twilight Council  
  56  7:42  Stalker x2  
  60  7:56  Probe  
  60  7:57  Probe  
  62  8:03  Immortal (Chrono Boost)  
  66  8:06  Probe  
  66  8:09  Probe  
  66  8:12  Stalker x2  
  72  8:21  Probe  
  73  8:42  Gateway  
  73  8:43  Gateway  
  73  8:46  Gateway  
  73  8:50  Dark Shrine  
  73  8:52  Pylon  
  73  9:00  Pylon  
  73  9:03  Stalker  
  73  9:04  Stalker  
  77  9:10  Warp Prism (Chrono Boost)  
  77  9:13  Pylon  
  77  9:16  Pylon  
  79  9:18  Probe, Assimilator  
  80  9:46  Probe  
  81  9:56  Probe  
  82  10:03  Dark Templar x3  
  82  10:04  Dark Templar  
  90  10:07  Probe  
  91  10:17  Probe  
  91  10:18  Immortal (Chrono Boost)  
  96  10:28  Gateway  
  96  10:30  Gateway, Pylon  
  96  10:31  Stalker  
  96  10:32  Pylon  
  98  11:02  Adept x3  
  98  11:03  Adept x2  
  88  11:26  Observer (Chrono Boost)  
  88  11:31  Adept x5  
  99  11:35  Resonating Glaives (Chrono Boost)  
  99  11:45  Observer (Chrono Boost)  
  100  11:57  Adept x4  
  100  11:58  Adept x3  
  114  12:02  Nexus  
  114  12:20  Warp Prism (Chrono Boost)  
  116  12:23  Adept x5  
  126  12:34  Pylon  
  126  12:35  Pylon  
  126  12:38  Pylon  
  126  12:42  Pylon  
  119  13:34  Adept x6  
  119  13:35  Adept  
  119  13:39  Immortal (Chrono Boost)  
  135  14:03  Dark Templar x4  
  135  14:04  Dark Templar x3  
  135  14:07  Archon x2  
  135  14:08  Archon  
  149  14:13  Immortal (Chrono Boost)  
  125  14:47  Observer (Chrono Boost)  
  126  15:03  Dark Templar x2  
  126  15:04  Dark Templar x5  
  140  15:07  Archon  
  140  15:08  Archon x2  
  140  15:33  Observer (Chrono Boost)  
  141  15:37  Nexus  
  141  15:52  Observer (Chrono Boost)  
  106  16:35  Dark Templar x4  
  106  16:36  Dark Templar x3  
  88  17:00  Archon x3  
  72  17:12  Zealot x3  
  72  17:13  Zealot x4  
  86  17:28  Pylon  
Show
View Real Time Build Order
Export as new Build Order

zidar Zerg - Winner!

Build Orders: Pool First, Lurkers 

Get SALT Encoding   

  12  0:01  Drone  
  13  0:12  Overlord  
  13  0:17  Drone  
  14  0:30  Drone x2  
  16  0:43  Spawning Pool  
  16  0:45  Drone  
  16  1:12  Drone  
  16  1:16  Extractor, Hatchery  
  15  1:18  Drone  
  15  1:22  Drone  
  17  1:29  Zergling x2  
  18  1:37  Zergling x2  
  19  1:47  Drone  
  20  1:59  Queen  
  22  2:09  Overlord x2  
  22  2:14  Extractor  
  21  2:17  Drone  
  23  2:29  Metabolic Boost  
  23  2:32  Zergling x4  
  25  2:38  Queen  
  27  2:53  Drone  
  27  2:54  Drone x2  
  30  3:04  Roach Warren  
  29  3:15  Extractor  
  29  3:16  Pneumatized Carapace  
  28  3:20  Drone x4  
  28  3:25  Drone  
  33  3:28  Zergling x4  
  35  3:47  Zergling x12  
  40  3:56  Zergling x6  
  43  4:06  Zergling x2  
  43  4:09  Overlord x2  
  35  5:02  Zergling x16  
  39  5:17  Lair  
  38  5:29  Roach x5  
  49  5:42  Drone  
  49  5:47  Drone  
  50  6:03  Drone x2  
  50  6:04  Drone x3  
  53  6:05  Drone x2  
  53  6:07  Hatchery  
  52  6:55  Hydralisk Den  
  52  6:59  Drone x7  
  52  7:00  Drone  
  59  7:20  Extractor  
  59  7:22  Queen  
  60  7:23  Extractor  
  60  7:28  Drone x6  
  65  7:33  Muscular Augments  
  65  7:42  Evolution Chamber  
  64  7:49  Evolution Chamber  
  63  7:53  Hydralisk  
  63  7:55  Overlord  
  63  7:56  Overlord x9  
  65  8:11  Zerg Missile Weapons Level 1  
  65  8:13  Queen  
  67  8:26  Hydralisk x11  
  89  8:40  Overlord  
  89  8:41  Overlord  
  89  8:44  Roach x6  
  89  8:47  Glial Reconstitution  
  101  8:53  Zerg Ground Armor Level 1  
  101  8:59  Lurker Den  
  101  9:11  Drone x5  
  101  9:13  Drone  
  107  9:18  Drone x3  
  110  9:42  Ravager  
  111  9:58  Zergling x2  
  111  9:59  Zergling x6  
  115  10:00  Zergling x2, Hydralisk x5  
  115  10:02  Roach  
  115  10:05  Hatchery  
  127  10:07  Drone  
  127  10:08  Drone x4  
  132  10:19  Drone  
  133  10:29  Overseer x3  
  133  10:33  Lurker  
  134  10:36  Lurker x4  
  134  10:37  Lurker  
  134  10:39  Hydralisk  
  141  10:44  Extractor  
  141  10:46  Extractor  
  121  11:48  Drone x5  
  121  11:49  Drone x4  
  130  12:04  Drone x6  
  130  12:06  Drone x4  
  130  12:07  Drone  
  141  12:09  Drone  
  141  12:12  Hydralisk x5  
  152  12:39  Overlord x4  
  152  12:57  Roach  
  152  12:58  Roach x10  
  174  13:02  Zerg Ground Armor Level 2  
  174  13:03  Zerg Missile Weapons Level 2  
  159  13:35  Hydralisk x5  
  169  13:58  Hatchery  
  158  14:54  Hydralisk x6  
  158  14:57  Overlord x3  
  170  15:05  Extractor  
  170  15:06  Extractor  
  170  15:07  Hydralisk  
  170  15:22  Infestation Pit  
  170  15:27  Lurker x2  
  170  15:28  Lurker x4  
  174  15:29  Lurker x2  
  174  15:31  Lurker  
  134  17:13  Hydralisk  
  134  17:14  Hydralisk x2  
  140  17:16  Hatchery  
Tags
 
Composition
Lurkers
League
GoldGold
Matchup
PvZ
Opening
Pool First
Spawn Locations
Cross Positions
Add a new tag
Caveats
  • Supply blocks, unpowered buildings, or Contaminate may cause inaccurate times.
  • Supply counts are checked every 10 seconds.